 Dungeon Crawl Stone Soup version 0.22.1-57-g7394efd (webtiles) character file.

23 smallpebble the Skirmisher (level 2, -1/36 HPs)
             Began as a Demonspawn Abyssal Knight on Mar 21, 2019.
             Was a Believer of Lugonu.
             Slain by a worker ant (2 damage)
             ... on level 3 of the Dungeon on Mar 22, 2019.
             The game lasted 00:08:08 (452 turns).

smallpebble the Skirmisher (DsAK)                    Turns: 452, Time: 00:08:09

Health: -1/36      AC: 21    Str: 12    XL:     2   Next: 75%
Magic:  3/3        EV:  2    Int: 13    God:    Lugonu [**....]
Gold:   23         SH:  3    Dex: 12    Spells: 1/1 levels left

rFire    . . .     SeeInvis .   a - +1 falchion
rCold    . . .     Gourm    .   l - +0 buckler
rNeg     + + +     Faith    .   (armour currently unavailable)
rPois    +         Spirit   .   (helmet currently unavailable)
rElec    .         Reflect  .   (cloak currently unavailable)
rCorr    .         Harm     .   (gloves currently unavailable)
MR       .....     NoTele   +   (boots currently unavailable)
Stlth    +.........             (no amulet)
HPRegen  0.12/turn              (no ring)
MPRegen  0.08/turn              (no ring)

@: lethally poisoned (-1 -> -14), tree-form
A: rot immunity
a: Depart the Abyss, Bend Space, Renounce Religion


You were on level 3 of the Dungeon.
You worshipped Lugonu.
Lugonu was pleased with you.
You were not hungry.
You were a tree.
You visited 1 branch of the dungeon, and saw 3 of its levels.
You visited the Abyss 1 time.

You collected 23 gold pieces.

Inventory:

Hand Weapons
 a - a +1 falchion (weapon)
Armour
 b - a +0 leather armour
 g - a +0 chain mail (melded)
 i - a cursed +0 robe
 j - a +0 ring mail
 l - a +0 buckler (worn)
Jewellery
 h - an uncursed ring of stealth {unknown}
Scrolls
 d - a scroll of teleportation {unknown}
 f - 3 scrolls of identify {unknown}
 m - a scroll of amnesia {unknown}
Potions
 e - a potion of flight {unknown}
Comestibles
 c - 2 rations


   Skills:
 + Level 3.5 Fighting
 + Level 2.1 Long Blades
 + Level 2.0 Armour
 + Level 1.0 Dodging
 + Level 2.6 Invocations


You had one spell level left.
You didn't know any spells.
Your spell library was empty.

Dungeon Overview and Level Annotations

Branches:
Dungeon (3/15)

Altars:


Innate Abilities, Weirdness & Mutations

You are immune to rotting.


Message History

* * * LOW HITPOINT WARNING * * *
You completely miss the worker ant.
The worker ant is lightly wounded.
* * * LOW HITPOINT WARNING * * *
You feel sick.
The worker ant bites you but does no damage.
The worker ant barely misses you.
Your chain mail prevents you from hitting the worker ant.
The worker ant is lightly wounded.
* * * LOW HITPOINT WARNING * * *
You feel sick. The worker ant bites you.
* * * LOW HITPOINT WARNING * * *
You are more poisoned.
The worker ant poisons you!
It was a potion of lignification.
You turn into a tree.
Your +0 chain mail melds into your body.
Your roots penetrate the ground.
* * * LOW HITPOINT WARNING * * *
You feel sick. The worker ant bites you.
You die...

.. #.#
##..###.####
...........#
#.# .# # #.#
.# ##.!###.#
.#
...)....##.#
##........<#
#.######♣.#
.. #a.# #..#
#..# #..#
#..# ...#
##.#


You could see a worker ant.

Vanquished Creatures
  An ooze (D:2)
  A dart slug (D:3)
  A leopard gecko (D:1)
  2 goblins
  3 hobgoblins (D:1)
  3 bats
  A frilled lizard (D:3)
  2 kobolds (D:1)
  A rat (D:3)
15 creatures vanquished.

Notes
Turn   | Place    | Note
-------+----------+-------------------------------------------
     0 | Abyss:1  | smallpebble the Demonspawn Abyssal Knight began the quest
                  | for the Orb.
     0 | Abyss:1  | Reached XP level 1. HP: 18/18 MP: 2/2
     3 | Abyss:1  | Found a corrupted altar of Lugonu.
    21 | D:1      | Escaped the Abyss
    90 | D:1      | Reached skill level 1 in Dodging
   149 | D:1      | Gained mutation: You are immune to rotting. [demonic
                  | ancestry]
   149 | D:1      | Reached XP level 2. HP: 24/24 MP: 3/3
   352 | D:3      | Reached ** piety under Lugonu
   451 | D:3      | HP: 1/24 [worker ant (3)]
   452 | D:3      | Slain by a worker ant

Skill      XL: |  1  2 |
---------------+-------+-----
Armour         | 2 |  2.0
Dodging        | 1 |  1.0
Long Blades    | 2 |  2.1
Fighting       | |  3.5
Invocations    | |  2.6

Action                   || total
-------------------------++-------
Melee: Falchion          ||    49
Invok: Bend Space        ||     1
  Use: Potion            ||     1
Armor: Leather armour    ||     5
       Chain mail        ||    32
Dodge: Dodged            ||    14
Block: Buckler           ||     4
       Rpst.: Falchion   ||     4
